 Dungeon Crawl Stone Soup version 0.31.0-11-ge490571c62 (webtiles) character file.

Game seed: 2936489587780005205

63 JustSomeDude the Insei (level 4, -6/28 HPs)
             Began as an Octopode Shapeshifter on Feb 2, 2024.
             Mangled by a gnoll
             ... wielding a +0 flail
              (7 damage)
             ... on level 2 of the Dungeon.
             The game lasted 00:02:56 (864 turns).

JustSomeDude the Insei (Octopode Shapeshifter)       Turns: 864, Time: 00:02:59

Health: -6/28      AC:  1    Str: 13    XL:     4   Next: 10%
Magic:  4/4        EV: 13    Int: 12    God:
Gold:   69         SH:  0    Dex: 13    Spells: 3/3 levels left

rFire   . .          .
                       - Unarmed
rCold   . . .        (no shield)
rNeg    . . .        (helmet currently unavailable)
rPois   .            (no amulet)
rElec   .            (no ring)
rCorr   .            (no ring)
SInv    .            (no ring)
Will    .....        (no ring)
Stlth   +++          (no ring)
HPRegen 0.24/turn    (no ring)
MPRegen 0.09/turn    (no ring)
                     (no ring)

%: no passive effects
@: beast-form, hasted, very quick
A: beast (slay +2), almost no armour, amphibious, 8 rings, camouflage 1,
gelatinous body 1, (nimble swimmer 1), tentacles
a: Begin Untransformation


You were on level 2 of the Dungeon.
You were a hulking beast.
You visited 1 branch of the dungeon, and saw 3 of its levels.

You collected 69 gold pieces.

Inventory:

Talismans
 b - a beast talisman (active)
 c - a flux talisman
 d - a flux talisman
Scrolls
 e - a scroll of amnesia {unknown}
 f - a scroll of immolation {unknown}
 h - 4 scrolls of teleportation {unknown}
 i - a scroll of identify {unknown}
 j - a scroll of noise {unknown}
 k - 2 scrolls of fear {unknown}
 l - a scroll of enchant weapon {unknown}
Potions
 a - 2 potions of lignification
 m - a potion of heal wounds {unknown}


   Skills:
 + Level 1.2 Fighting
 + Level 2.3 Dodging
 + Level 2.0 Stealth
 + Level 3.7 Unarmed Combat
 + Level 3.5 Shapeshifting


You had 3 spell levels left.
You didn't know any spells.
Your spell library was empty.

Dungeon Overview and Level Annotations

Branches:
Dungeon (3/15)

Altars:


Innate Abilities, Weirdness & Mutations

You are a hulking beast.
Your limbs bulge with bestial killing power. (Slay +2)
You cannot wear most types of armour.
You are amphibious.
You can wear up to eight rings at the same time.
Your skin changes colour to match your surroundings (Stealth+).
Your rubbery body absorbs attacks. (AC +1, EV +1)
((You are camouflaged when in or above water. (Stealth+)))
You have tentacles for arms and can constrict up to eight enemies at once.


Message History

HP restored.
There is a stone staircase leading up here.
Okay, then.
You begin transforming.
You continue transforming. x3
Your transformation has ended.
You turn into a hulking beast.
You climb upwards.
The frilled lizard hisses angrily.
The gnoll hits you with a +0 whip. The gnoll barely misses you.
The gnoll hits you with a +0 whip.
There is a stone staircase leading down here.
You tentacle-slap the gnoll. Your grab misses the gnoll.
The gnoll is lightly wounded.
The frilled lizard unfolds its giant frill.
You tentacle-slap the gnoll. You grab the gnoll. You squeeze the gnoll.
The gnoll is moderately wounded.
You constrict the gnoll. The gnoll closely misses you.
The gnoll barely misses you. The gnoll hits you with a +0 flail.
You barely miss the gnoll. You grab the gnoll. You constrict the gnoll. x2
The gnoll closely misses you. The gnoll misses you.
The gnoll hits you with a +0 flail.
You closely miss the gnoll. Your grab misses the gnoll.
You constrict the gnoll, but do no damage. x2
The gnoll barely misses you. The gnoll hits you with a +0 club.
The gnoll barely misses you.
You barely miss the gnoll. You grab the gnoll. You constrict the gnoll. x2
You constrict the gnoll, but do no damage.
The gnoll misses you. The gnoll hits you with a +0 club!
* * * LOW HITPOINT WARNING * * *
The frilled lizard completely misses you.
The gnoll barely misses you.
Okay, then.
Unknown command.
It was a potion of haste.
You feel yourself speed up.
You constrict the gnoll.
You kill the gnoll!
You constrict the gnoll. x2; The gnoll closely misses you.
The frilled lizard bites you.
* * * LOW HITPOINT WARNING * * *
The gnoll hits you with a +0 flail!
You die...

#. #. # #.##.. . ###.
#.#.. ...#
....###...####.#..#
###....#..........#
....#.......###..#
##...#....#......#
#......gl......###
#####..#...)h.#..###
#...........g.#..###
#.....)..#.........#
...#...##..!#.#..#..#
#..# #..##.#..##....
#.g. ...#......#####
...# #.#.#...##.##
#.#. ..#...####..# #
# #...)..# ##.##


You could see 2 gnolls and a frilled lizard.

Vanquished Creatures
  An adder (D:2)
  2 gnolls (D:2)
  2 dart slugs (D:1)
  An orc (D:3)
  3 endoplasms (D:1)
  3 giant cockroaches
  3 goblins
  2 hobgoblins (D:1)
  8 kobolds (D:1)
  2 quokkas
  4 ball pythons
  4 bats (D:1)
  A frilled lizard (D:1)
  3 rats (D:1)
39 creatures vanquished.

Notes
Turn   | Place    | Note
-------+----------+-------------------------------------------
     0 | D:1      | JustSomeDude the Octopode Shapeshifter began the quest for
                  | the Orb.
     0 | D:1      | Reached XP level 1. HP: 13/13 MP: 1/1
    63 | D:1      | Reached XP level 2. HP: 5/18 MP: 2/2
   247 | D:1      | Reached skill level 1 in Stealth
   409 | D:1      | Reached XP level 3. HP: 23/23 MP: 3/3
   765 | D:2      | Reached XP level 4. HP: 18/28 MP: 4/4
   864 | D:2      | HP: 1/28 [frilled lizard (2)]
   864 | D:2      | Mangled by a gnoll

Illustrated notes

Levels and vault maps discovered:
D:1:      reono_arrival_forest_river, layout_basic,
          nicolae_concentric_dashed_squares_wild, lexackson_kobold_supper
D:2:      layout_rooms
D:3:      layout_loops_ring, nicolae_overflow_ecumenical_swirl, xom_redecorated,
          chequers_garden, minmay_lizard_king, uniq_grinder, uniq_robin

Skill      XL: |  1  2  3 |
---------------+----------+-----
Stealth        | 1 2 |  2.0
Fighting       | |  1.2
Dodging        | |  2.3
Unarmed Combat | |  3.7
Shapeshifting  | |  3.5

Action                     |  1- 3 |  4- 6 || total
---------------------------+-------+-------++-------
  Melee: Unarmed           |    61 |    10 ||    71
         Constrict         |    17 |     5 ||    22
         Tentacles         |    11 |     2 ||    13
         Punch             |     1 |       ||     1
    Use: Potion            |       |     1 ||     1
   Stab: Sleeping          |     5 |     1 ||     6
 Armour: Skin              |    17 |    10 ||    27
  Dodge: Dodged            |    28 |    11 ||    39
   Form: Beast             |       |     1 ||     1
